Rafales vs Thunder
Created - 9 novembre 2015 at 19:04
Goals
|
| Rafales |
1 |
0 |
1 |
2 |
| Thunder |
2 |
1 |
1 |
4 |
|
Shots
|
| Rafales |
12 |
11 |
13 |
36 |
| Thunder |
10 |
15 |
8 |
33 |
|
1st period
1. Rafales , Cody McLeod 9 (Dan Fritsche) at 11:24
2. Thunder , Kelly Zajac 3 (David Clarkson, Casey Pierro-Zabotel) at 13:37
3. Thunder , Scott Parse 5 (Joey Ryan) at 18:27
Penalties :
Carl Hagelin (TRO) for High sticking (Minor) at 14:09
2nd period
4. Thunder , Matt Generous 4 (Scott Parse, Brandon Mashinter) at 19:05
Penalties :
No Penalty
3rd period
5. Thunder , Daultan Leveillé 2 (Matt Generous, Carl Hagelin) at 4:10 (PP)
6. Rafales , Matt Gilroy 2 (Cody McLeod, Milan Bartovic) at 19:11 (PP)
Penalties :
Mat Clark (TRO) for Slashing (Minor) at 0:58, Nathan Davis (Stf) for High sticking (Minor) at 3:34, Mat Clark (TRO) for Interference (Minor) at 10:34, Dalton Smith (TRO) for Hooking (Minor) at 14:07, Brandon Mashinter (TRO) for Hooking (Minor) at 18:26
Goalie Stats
Eddie Lack (Stf), 29 saves from 33 shots - (0,879), L, 0-2-0, 60:00 minutes
Corey Crawford (TRO), 34 saves from 36 shots - (0,944), W, 6-5-0, 60:00 minutes
Players Stats for Rafales
Player Name G A P +/- PIM S H SB GA TA FO MP PP MP PK MP
------------------------------------------------------------------------------------
Bruno Gervais 0 0 0 -1 0 3 5 0 0 1 0/0 20:35 4:57 0:00
Cody McLeod 1 1 2 1 0 5 1 0 2 0 0/1 18:14 5:02 0:36
Dan Fritsche 0 1 1 1 0 1 1 0 1 0 7/14 16:09 3:33 0:00
Dmitry Kulikov 0 0 0 -1 0 2 3 0 1 0 0/0 28:53 5:24 0:00
Jeff Skinner 0 0 0 -2 0 4 2 1 0 1 0/0 21:09 3:33 0:00
Johan Ryno 0 0 0 0 0 1 0 0 0 0 0/0 8:29 0:06 0:00
Jonas Junland 0 0 0 0 0 1 1 2 0 1 0/0 17:53 0:00 0:36
Jonathan Rheault 0 0 0 -1 0 2 0 1 0 0 1/1 12:08 0:00 0:00
Kevin Veilleux 0 0 0 -2 0 2 1 0 0 0 13/32 23:12 5:02 0:36
Marc-André Gragnani 0 0 0 -1 0 2 1 3 0 0 0/0 26:35 2:30 0:36
Matt Gilroy 1 0 1 -1 0 1 3 0 0 0 0/0 18:38 3:17 0:00
Michael Bournival 0 0 0 -1 0 1 1 0 0 0 0/0 12:30 0:06 0:00
Mike Sislo 0 0 0 0 0 1 1 0 0 0 0/0 8:09 0:00 0:00
Milan Bartovic 0 1 1 -2 0 5 1 1 3 1 0/0 22:38 5:02 0:00
Nathan Davis 0 0 0 -1 2 3 1 0 0 0 5/11 12:07 0:00 0:00
Ryan Bourque 0 0 0 0 0 1 1 0 1 1 2/5 9:26 0:06 0:00
Ryan Ellis 0 0 0 0 0 0 0 1 0 0 0/0 6:29 1:14 0:00
Tim Crowder 0 0 0 1 0 1 1 0 0 1 0/0 16:09 3:33 0:00
Players Stats for Thunder
Player Name G A P +/- PIM S H SB GA TA FO MP PP MP PK MP
------------------------------------------------------------------------------------
Adam Hall 0 0 0 1 0 4 2 1 1 0 1/1 21:15 0:19 4:47
Bobby Farnham 0 0 0 1 0 0 0 0 0 0 0/0 6:34 0:00 0:00
Brandon Mashinter 0 1 1 1 2 0 3 0 0 0 15/27 16:33 0:19 0:00
Carl Hagelin 0 1 1 -1 2 3 1 1 1 0 1/2 17:13 0:17 0:21
Casey Pierro-Zabotel 0 1 1 1 0 0 0 0 0 1 0/1 12:59 0:00 0:00
Colby Cohen 0 0 0 0 0 0 0 1 0 0 0/0 9:32 0:00 0:00
Dalton Smith 0 0 0 1 2 0 0 0 0 0 0/0 7:04 0:00 1:16
Daultan Leveillé 1 0 1 -1 0 1 1 2 0 2 7/15 15:40 0:17 0:09
David Clarkson 0 1 1 1 0 5 1 0 0 0 1/1 15:32 0:00 2:17
David Fischer 0 0 0 0 0 0 0 2 0 1 0/0 19:35 0:23 3:21
Derek Forbort 0 0 0 0 0 0 0 0 0 0 0/0 0:00 0:00 0:00
Dmitri Orlov 0 0 0 0 0 2 1 1 0 0 0/0 11:49 0:00 2:01
Jannik Hansen 0 0 0 0 0 0 0 0 0 0 0/0 0:00 0:00 0:00
Jesse Blacker 0 0 0 1 0 0 0 0 0 0 0/0 5:15 0:00 0:00
Joey Ryan 0 1 1 1 0 0 1 5 0 1 0/0 25:38 0:13 5:20
Kelly Zajac 1 0 1 1 0 2 0 1 0 0 5/8 13:57 0:00 1:28
Mat Clark 0 0 0 0 4 2 2 1 0 1 0/0 17:39 0:23 1:20
Matt Generous 1 1 2 1 0 2 2 4 0 2 0/0 25:38 0:13 5:20
Pierre-Alexandre Parente 0 0 0 -1 0 1 2 2 3 0 0/0 18:40 0:17 2:17
Scott Parse 1 1 2 2 0 10 2 3 1 0 6/9 25:26 0:19 4:47
Taylor Doherty 0 0 0 1 0 1 0 0 0 0 0/0 5:15 0:00 0:00
3 Stars
1 - Scott Parse (TRO)
2 - Matt Generous (TRO)
3 - Cody McLeod (Stf)
Power Play
Rafales - 1 on 5 Attempt(s) - 20,00%
Thunder - 1 on 1 Attempt(s) - 100,00%
Penalty Kill
Rafales - 0 on 1 Attempt(s) - 0,00%
- Score 0 goal in Penalty Kill
Thunder - 4 on 5 Attempt(s) - 80,00%
- Score 0 goal in Penalty Kill
Team Stat
Rafales - Hits : 24 - Faceoff Wins : 28 - Blocked Shots : 9 - Penalty Minutes : 2
Thunder - Hits : 18 - Faceoff Wins : 36 - Blocked Shots : 24 - Penalty Minutes : 10
Official
Referees : LaRue Dennis and O'Halloran Dan
Linesman : Brad Lazarowich and Jay Sharrers
Game Notes
Ryan Ellis is injured at 2:04 of 2nd period (Torso)
Finance
Level 1 -- Attendance: 1600 (80,00%) -- Ticket Income 56 000 $
Level 2 -- Attendance: 779 (77,90%) -- Ticket Income 11 685 $
Total Attendance: 2379 (79,30%)
Total Ticket Income: 67 685 $
Other Income: 3 384 $
Total Income: 71 069 $
Rafales
5 vs 5 Forward
Center Left Wing Right Wing Time % Phy DF OF
1 Kevin Veilleux Jeff Skinner Milan Bartovic 40 0 2 3
2 Dan Fritsche Cody McLeod Tim Crowder 30 0 2 3
3 Nathan Davis Michael Bournival Jonathan Rheault 20 0 2 3
4 Ryan Bourque Mike Sislo Johan Ryno 10 0 2 3
5 vs 5 Defense
Defense Defense Time % Phy DF OF
1 Marc-André Gragnani Dmitry Kulikov 40 0 4 1
2 Jonas Junland Ryan Ellis 30 0 4 1
3 Bruno Gervais Matt Gilroy 20 0 4 1
4 Marc-André Gragnani Dmitry Kulikov 10 0 4 1
PowerPlay Forward
Center Left Wing Right Wing Time % Phy DF OF
1 Kevin Veilleux Cody McLeod Milan Bartovic 60 0 0 5
2 Dan Fritsche Jeff Skinner Tim Crowder 40 0 0 5
PowerPlay Defense
Defense Defense Time % Phy DF OF
1 Dmitry Kulikov Ryan Ellis 60 0 2 3
2 Matt Gilroy Bruno Gervais 40 0 2 3
Penalty Kill 4 Players Forward
Center Wing Time % Phy DF OF
1 Kevin Veilleux Cody McLeod 60 0 4 1
2 Dan Fritsche Nathan Davis 40 0 4 1
Penalty Kill 4 Players Defense
Defense Defense Time % Phy DF OF
1 Marc-André Gragnani Jonas Junland 60 0 5 0
2 Dmitry Kulikov Ryan Ellis 40 0 5 0
Penalty Kill - 3 Players Forward
Forward Time % Phy DF OF
1 Kevin Veilleux 60 0 5 0
2 Cody McLeod 40 0 5 0
Penalty Kill - 3 Players Defense
Defense Defense Time % Phy DF OF
1 Marc-André Gragnani Jonas Junland 60 0 5 0
2 Dmitry Kulikov Ryan Ellis 40 0 5 0
4 vs 4 Forward
Center Wing Time % Phy DF OF
1 Kevin Veilleux Milan Bartovic 60 0 2 3
2 Dan Fritsche Nathan Davis 40 0 2 3
4 vs 4 Defense
Defense Defense Time % Phy DF OF
1 Dmitry Kulikov Ryan Ellis 60 0 3 2
2 Matt Gilroy Bruno Gervais 40 0 3 2
Last Minutes Offensive
Center Left Wing Right Wing Defense Defense
Kevin Veilleux Jeff Skinner Michael Bournival Dmitry Kulikov Ryan Ellis
Last Minutes Defensive
Center Left Wing Right Wing Defense Defense
Kevin Veilleux Cody McLeod Milan Bartovic Marc-André Gragnani Bruno Gervais
Goaltenders
Starting : Eddie Lack
Backup : Loïc Lacasse
Extra Forwards
Normal : Jeff Skinner, Kevin Veilleux, Michael Bournival - PP : Jeff Skinner, Kevin Veilleux - PK : Cody McLeod
Extra Defensemen
Normal : Dmitry Kulikov, Ryan Ellis, Matt Gilroy - PP : Ryan Ellis - PK : Marc-André Gragnani, Dmitry Kulikov
Penalty Shots
Kevin Veilleux, Milan Bartovic, Dan Fritsche, Nathan Davis, Mike Sislo
Thunder
5 vs 5 Forward
Center Left Wing Right Wing Time % Phy DF OF
1 Brandon Mashinter Scott Parse Adam Hall 40 1 2 2
2 Daultan Leveillé Carl Hagelin Pierre-Alexandre Parentea30 1 2 2
3 Kelly Zajac Casey Pierro-Zabotel David Clarkson 20 1 2 2
4 Scott Parse Dalton Smith Bobby Farnham 10 1 2 2
5 vs 5 Defense
Defense Defense Time % Phy DF OF
1 Matt Generous Joey Ryan 40 1 2 2
2 David Fischer Mat Clark 30 1 2 2
3 Colby Cohen Dmitri Orlov 20 1 2 2
4 Jesse Blacker Taylor Doherty 10 1 2 2
PowerPlay Forward
Center Left Wing Right Wing Time % Phy DF OF
1 Brandon Mashinter Scott Parse Adam Hall 60 1 2 2
2 Daultan Leveillé Carl Hagelin Pierre-Alexandre Parentea40 1 2 2
PowerPlay Defense
Defense Defense Time % Phy DF OF
1 Matt Generous Joey Ryan 60 1 2 2
2 David Fischer Mat Clark 40 1 2 2
Penalty Kill 4 Players Forward
Center Wing Time % Phy DF OF
1 Scott Parse Adam Hall 60 1 2 2
2 Pierre-Alexandre ParenteaDavid Clarkson 40 1 2 2
Penalty Kill 4 Players Defense
Defense Defense Time % Phy DF OF
1 Matt Generous Joey Ryan 60 1 2 2
2 David Fischer Mat Clark 40 1 2 2
Penalty Kill - 3 Players Forward
Forward Time % Phy DF OF
1 Scott Parse 60 1 2 2
2 Adam Hall 40 1 2 2
Penalty Kill - 3 Players Defense
Defense Defense Time % Phy DF OF
1 Matt Generous Joey Ryan 60 1 2 2
2 David Fischer Mat Clark 40 1 2 2
4 vs 4 Forward
Center Wing Time % Phy DF OF
1 Scott Parse Adam Hall 60 1 2 2
2 Pierre-Alexandre ParenteaDavid Clarkson 40 1 2 2
4 vs 4 Defense
Defense Defense Time % Phy DF OF
1 Matt Generous Joey Ryan 60 1 2 2
2 David Fischer Mat Clark 40 1 2 2
Last Minutes Offensive
Center Left Wing Right Wing Defense Defense
Brandon Mashinter Scott Parse Adam Hall Matt Generous Joey Ryan
Last Minutes Defensive
Center Left Wing Right Wing Defense Defense
Brandon Mashinter Scott Parse Adam Hall Matt Generous Joey Ryan
Goaltenders
Starting : Corey Crawford
Backup : Barry Brust
Extra Forwards
Normal : Bobby Farnham, Casey Pierro-Zabotel, Kelly Zajac - PP : Bobby Farnham, Casey Pierro-Zabotel - PK : Kelly Zajac
Extra Defensemen
Normal : Colby Cohen, Dmitri Orlov, Jesse Blacker - PP : Colby Cohen - PK : Dmitri Orlov, Jesse Blacker
Penalty Shots
Scott Parse, Adam Hall, Pierre-Alexandre Parenteau, David Clarkson, Carl Hagelin
% Time on Ice - Rafales
Lines # - Real PCT - Wanted PCT - Time Play
Normal Forward
1 - 35% - 40% - 17:50
2 - 25% - 30% - 12:36
3 - 24% - 20% - 12:08
4 - 16% - 10% - 8:09
Normal Defense
1 - 37% - 40% - 18:38
2 - 35% - 30% - 17:59
3 - 22% - 20% - 11:12
4 - 6% - 10% - 2:54
PP Forward
1 - 59% - 60% - 5:08
2 - 41% - 40% - 3:33
PP Defense
1 - 85% - 60% - 7:23
2 - 15% - 40% - 1:18
PK Forward
1 - 100% - 60% - 0:36
2 - 0% - 40% - 0:00
PK Defense
1 - 100% - 60% - 0:36
2 - 0% - 40% - 0:00
PK3 Forward
1 - 0% - 60%
2 - 0% - 40%
PK3 Defense
1 - 0% - 60%
2 - 0% - 40%
44 Forward
1 - 0% - 60%
2 - 0% - 40%
44 Defense
1 - 0% - 60%
2 - 0% - 40%
Last Minute Offensive - 0:00
Last Minute Defensive - 0:00
Total
Forward - 60:00
Defense - 60:00
|
% Time on Ice - Thunder
Lines # - Real PCT - Wanted PCT - Time Play
Normal Forward
1 - 32% - 40% - 16:24
2 - 32% - 30% - 16:14
3 - 24% - 20% - 12:17
4 - 11% - 10% - 5:48
Normal Defense
1 - 40% - 40% - 20:05
2 - 31% - 30% - 15:51
3 - 19% - 20% - 9:32
4 - 10% - 10% - 5:15
PP Forward
1 - 53% - 60% - 0:19
2 - 47% - 40% - 0:17
PP Defense
1 - 36% - 60% - 0:13
2 - 64% - 40% - 0:23
PK Forward
1 - 74% - 60% - 6:24
2 - 26% - 40% - 2:17
PK Defense
1 - 61% - 60% - 5:20
2 - 39% - 40% - 3:21
PK3 Forward
1 - 0% - 60%
2 - 0% - 40%
PK3 Defense
1 - 0% - 60%
2 - 0% - 40%
44 Forward
1 - 0% - 60%
2 - 0% - 40%
44 Defense
1 - 0% - 60%
2 - 0% - 40%
Last Minute Offensive - 0:00
Last Minute Defensive - 0:00
Total
Forward - 60:00
Defense - 60:00
|
Play by Play
1st period
0:01 of 1st period - Brandon Mashinter wins face-off versus Kevin Veilleux in neutral zone.
1:10 of 1st period - Snap shot by Scott Parse.
1:10 of 1st period - Shot Blocked by Ryan Ellis.
1:12 of 1st period - Slapshot by David Fischer.
1:12 of 1st period - Shot Misses the Net.
1:28 of 1st period - Matt Gilroy is hit by Brandon Mashinter and loses puck.
2:05 of 1st period - Off-side.
2:06 of 1st period - Nathan Davis wins face-off versus Daultan Leveillé in neutral zone.
2:21 of 1st period - Wrist shot by Carl Hagelin.
2:21 of 1st period - Stopped by Eddie Lack with a rebound.
2:31 of 1st period - Dmitry Kulikov is hit by Dmitri Orlov.
3:22 of 1st period - Wrist shot by Dan Fritsche.
3:22 of 1st period - Shot Misses the Net.
3:28 of 1st period - Snap shot by Tim Crowder.
3:28 of 1st period - Deflect By Cody McLeod.
3:28 of 1st period - Stopped by Corey Crawford with a rebound.
4:08 of 1st period - Snap shot by Cody McLeod.
4:08 of 1st period - Stopped by Corey Crawford without a rebound.
4:09 of 1st period - Kevin Veilleux wins face-off versus Daultan Leveillé in Thunder zone.
4:54 of 1st period - Wrist shot by Nathan Davis.
4:54 of 1st period - Shot Misses the Net.
4:56 of 1st period - Snap shot by Nathan Davis.
4:56 of 1st period - Shot Misses the Net.
4:58 of 1st period - Wrist shot by Nathan Davis.
4:58 of 1st period - Stopped by Corey Crawford without a rebound.
4:59 of 1st period - Kevin Veilleux wins face-off versus Brandon Mashinter in Thunder zone.
5:28 of 1st period - Slapshot by Dmitry Kulikov.
5:28 of 1st period - Shot Misses the Net.
5:30 of 1st period - Slapshot by Dmitry Kulikov.
5:30 of 1st period - Shot Misses the Net.
5:34 of 1st period - Snap shot by Ryan Bourque.
5:34 of 1st period - Shot Misses the Net.
5:36 of 1st period - Slapshot by Johan Ryno.
5:36 of 1st period - Stopped by Corey Crawford without a rebound.
5:37 of 1st period - Kelly Zajac wins face-off versus Kevin Veilleux in Thunder zone.
5:37 of 1st period - Kelly Zajac is hit by Jeff Skinner.
6:31 of 1st period - Backhand shot by Cody McLeod.
6:31 of 1st period - Shot Misses the Net.
6:33 of 1st period - Slapshot by Marc-André Gragnani.
6:33 of 1st period - Stopped by Corey Crawford without a rebound.
6:34 of 1st period - Kevin Veilleux wins face-off versus Brandon Mashinter in Thunder zone.
6:48 of 1st period - Slapshot by Dmitry Kulikov.
6:48 of 1st period - Shot Blocked by Scott Parse.
6:50 of 1st period - Slapshot by Dmitry Kulikov.
6:50 of 1st period - Shot Blocked by David Fischer.
8:32 of 1st period - Wrist shot by Jeff Skinner.
8:32 of 1st period - Stopped by Corey Crawford without a rebound.
8:33 of 1st period - Brandon Mashinter wins face-off versus Kevin Veilleux in Thunder zone.
9:39 of 1st period - Off-side.
9:40 of 1st period - Ryan Bourque wins face-off versus Scott Parse in neutral zone.
10:05 of 1st period - Milan Bartovic is hit by Mat Clark and loses puck.
10:50 of 1st period - Wrist shot by Scott Parse.
10:50 of 1st period - Stopped by Eddie Lack without a rebound.
10:51 of 1st period - Scott Parse wins face-off versus Nathan Davis in Rafales zone.
10:54 of 1st period - Snap shot by Scott Parse.
10:54 of 1st period - Stopped by Eddie Lack with a rebound.
10:56 of 1st period - Slapshot by Dmitri Orlov.
10:56 of 1st period - Stopped by Eddie Lack without a rebound.
10:57 of 1st period - Brandon Mashinter wins face-off versus Kevin Veilleux in Rafales zone.
11:24 of 1st period - Snap shot by Cody McLeod.
11:24 of 1st period - Goal by Cody McLeod - Rafales : 1 - Thunder : 0.
11:25 of 1st period - Kevin Veilleux wins face-off versus Brandon Mashinter in neutral zone.
11:28 of 1st period - Brandon Mashinter is hit by Marc-André Gragnani.
11:40 of 1st period - Snap shot by Scott Parse.
11:40 of 1st period - Shot Misses the Net.
12:29 of 1st period - Slapshot by Dmitry Kulikov.
12:29 of 1st period - Stopped by Corey Crawford with a rebound.
13:21 of 1st period - Icing by Nathan Davis.
13:22 of 1st period - Kelly Zajac wins face-off versus Nathan Davis in Rafales zone.
13:31 of 1st period - Wrist shot by Kelly Zajac.
13:31 of 1st period - Stopped by Eddie Lack with a rebound.
13:33 of 1st period - Snap shot by Casey Pierro-Zabotel.
13:33 of 1st period - Shot Blocked by Marc-André Gragnani.
13:35 of 1st period - Snap shot by Kelly Zajac.
13:35 of 1st period - Shot Blocked by Marc-André Gragnani.
13:37 of 1st period - Snap shot by David Clarkson.
13:37 of 1st period - Deflect By Kelly Zajac.
13:37 of 1st period - Goal by Kelly Zajac - Rafales : 1 - Thunder : 1.
13:38 of 1st period - Kevin Veilleux wins face-off versus Brandon Mashinter in neutral zone.
13:47 of 1st period - Wrist shot by Jeff Skinner.
13:47 of 1st period - Shot Blocked by Joey Ryan.
13:53 of 1st period - Snap shot by Jeff Skinner.
13:53 of 1st period - Stopped by Corey Crawford without a rebound.
13:54 of 1st period - Dan Fritsche wins face-off versus Daultan Leveillé in Thunder zone.
14:07 of 1st period - Wrist shot by Tim Crowder.
14:07 of 1st period - Shot Blocked by Carl Hagelin.
14:09 of 1st period - Minor Penalty to Carl Hagelin for High sticking.
14:10 of 1st period - Kevin Veilleux wins face-off versus Scott Parse in Thunder zone.
16:02 of 1st period - Milan Bartovic is hit by Pierre-Alexandre Parenteau and loses puck.
16:09 of 1st period - Penalty to Carl Hagelin is over, Carl Hagelin is back on ice.
16:40 of 1st period - Nathan Davis is hit by Pierre-Alexandre Parenteau.
16:44 of 1st period - Wrist shot by David Clarkson.
16:44 of 1st period - Stopped by Eddie Lack with a rebound.
17:21 of 1st period - Wrist shot by Adam Hall.
17:21 of 1st period - Shot Misses the Net.
18:02 of 1st period - Icing by Ryan Ellis.
18:03 of 1st period - Kelly Zajac wins face-off versus Ryan Bourque in Rafales zone.
18:04 of 1st period - Snap shot by David Clarkson.
18:04 of 1st period - Shot Misses the Net.
18:23 of 1st period - Slapshot by Mat Clark.
18:23 of 1st period - Stopped by Eddie Lack without a rebound.
18:24 of 1st period - Scott Parse wins face-off versus Kevin Veilleux in Rafales zone.
18:27 of 1st period - Snap shot by Scott Parse.
18:27 of 1st period - Goal by Scott Parse - Rafales : 1 - Thunder : 2.
18:28 of 1st period - Brandon Mashinter wins face-off versus Kevin Veilleux in neutral zone.
18:36 of 1st period - Snap shot by Kevin Veilleux.
18:36 of 1st period - Shot Misses the Net.
18:38 of 1st period - Wrist shot by Bruno Gervais.
18:38 of 1st period - Shot Misses the Net.
18:40 of 1st period - Snap shot by Milan Bartovic.
18:40 of 1st period - Stopped by Corey Crawford with a rebound.
18:42 of 1st period - Wrist shot by Milan Bartovic.
18:42 of 1st period - Stopped by Corey Crawford with a rebound.
18:44 of 1st period - Snap shot by Milan Bartovic.
18:44 of 1st period - Stopped by Corey Crawford without a rebound.
18:45 of 1st period - Daultan Leveillé wins face-off versus Dan Fritsche in Thunder zone.
18:50 of 1st period - Snap shot by Carl Hagelin.
18:50 of 1st period - Shot Misses the Net.
18:52 of 1st period - Slapshot by Matt Generous.
18:52 of 1st period - Stopped by Eddie Lack without a rebound.
18:53 of 1st period - Dan Fritsche wins face-off versus Daultan Leveillé in Rafales zone.
19:18 of 1st period - Scott Parse is hit by Dmitry Kulikov and loses puck.
19:36 of 1st period - Icing by Jeff Skinner.
19:37 of 1st period - David Clarkson wins face-off versus Kevin Veilleux in Rafales zone.
19:38 of 1st period - Snap shot by Kelly Zajac.
19:38 of 1st period - Shot Misses the Net.
19:51 of 1st period - Off-side.
19:52 of 1st period - Brandon Mashinter wins face-off versus Dan Fritsche in neutral zone.
Goals for this period are 1 for Rafales vs 2 for Thunder.
Shots for this period are 12 for Rafales vs 10 for Thunder.
2nd period
0:01 of 2nd period - Brandon Mashinter wins face-off versus Kevin Veilleux in neutral zone.
0:04 of 2nd period - Kevin Veilleux is hit by Adam Hall and loses puck.
0:17 of 2nd period - Brandon Mashinter is hit by Jeff Skinner and loses puck.
0:56 of 2nd period - Slapshot by Carl Hagelin.
0:56 of 2nd period - Shot Misses the Net.
1:04 of 2nd period - Snap shot by Milan Bartovic.
1:04 of 2nd period - Stopped by Corey Crawford without a rebound.
1:05 of 2nd period - Brandon Mashinter wins face-off versus Dan Fritsche in Thunder zone.
1:24 of 2nd period - Brandon Mashinter is hit by Cody McLeod.
1:28 of 2nd period - Dan Fritsche is hit by Scott Parse and loses puck.
1:43 of 2nd period - Snap shot by Scott Parse.
1:43 of 2nd period - Stopped by Eddie Lack without a rebound.
1:44 of 2nd period - Daultan Leveillé wins face-off versus Nathan Davis in Rafales zone.
1:57 of 2nd period - Slapshot by Nathan Davis.
1:57 of 2nd period - Stopped by Corey Crawford with a rebound.
2:03 of 2nd period - Ryan Ellis is hit by Carl Hagelin.
2:04 of 2nd period - Ryan Ellis from Rafales is injured at 2:04 of 2nd period (Torso).
2:05 of 2nd period - Adam Hall wins face-off versus Kevin Veilleux in Rafales zone.
2:08 of 2nd period - Slapshot by Scott Parse.
2:08 of 2nd period - Stopped by Eddie Lack with a rebound.
2:14 of 2nd period - Wrist shot by Adam Hall.
2:14 of 2nd period - Stopped by Eddie Lack without a rebound.
2:15 of 2nd period - Kevin Veilleux wins face-off versus Brandon Mashinter in Rafales zone.
2:28 of 2nd period - Snap shot by Jeff Skinner.
2:28 of 2nd period - Stopped by Corey Crawford with a rebound.
2:32 of 2nd period - Wrist shot by Milan Bartovic.
2:32 of 2nd period - Stopped by Corey Crawford without a rebound.
2:33 of 2nd period - Dan Fritsche wins face-off versus Carl Hagelin in Thunder zone.
2:34 of 2nd period - Slapshot by Cody McLeod.
2:34 of 2nd period - Shot Blocked by Joey Ryan.
2:36 of 2nd period - Slapshot by Tim Crowder.
2:36 of 2nd period - Shot Blocked by Joey Ryan.
2:38 of 2nd period - Wrist shot by Tim Crowder.
2:38 of 2nd period - Shot Misses the Net.
2:40 of 2nd period - Wrist shot by Dan Fritsche.
2:40 of 2nd period - Shot Hit the Post.
2:58 of 2nd period - Jonas Junland is hit by Brandon Mashinter and loses puck.
3:59 of 2nd period - Scott Parse is hit by Dan Fritsche and loses puck.
4:37 of 2nd period - Kelly Zajac is hit by Jonas Junland and loses puck.
5:00 of 2nd period - Snap shot by David Clarkson.
5:00 of 2nd period - Shot Misses the Net.
5:22 of 2nd period - Wrist shot by Adam Hall.
5:22 of 2nd period - Shot Misses the Net.
5:46 of 2nd period - Slapshot by Mike Sislo.
5:46 of 2nd period - Stopped by Corey Crawford with a rebound.
5:48 of 2nd period - Snap shot by Bruno Gervais.
5:48 of 2nd period - Shot Blocked by Matt Generous.
5:50 of 2nd period - Snap shot by Ryan Bourque.
5:50 of 2nd period - Stopped by Corey Crawford with a rebound.
5:52 of 2nd period - Slapshot by Johan Ryno.
5:52 of 2nd period - Shot Misses the Net.
5:54 of 2nd period - Snap shot by Ryan Bourque.
5:54 of 2nd period - Deflect By Mike Sislo.
5:54 of 2nd period - Shot Misses the Net.
5:54 of 2nd period - Puck is out of play.
5:55 of 2nd period - Kevin Veilleux wins face-off versus Daultan Leveillé in Thunder zone.
6:39 of 2nd period - Snap shot by Nathan Davis.
6:39 of 2nd period - Shot Blocked by Colby Cohen.
7:59 of 2nd period - Wrist shot by Scott Parse.
7:59 of 2nd period - Stopped by Eddie Lack without a rebound.
8:00 of 2nd period - Brandon Mashinter wins face-off versus Kevin Veilleux in Rafales zone.
8:01 of 2nd period - Snap shot by Adam Hall.
8:01 of 2nd period - Stopped by Eddie Lack without a rebound.
8:02 of 2nd period - Kevin Veilleux wins face-off versus Brandon Mashinter in Rafales zone.
8:02 of 2nd period - Kevin Veilleux is hit by Matt Generous.
8:16 of 2nd period - Slapshot by Jeff Skinner.
8:16 of 2nd period - Shot Blocked by Matt Generous.
8:18 of 2nd period - Slapshot by Jonas Junland.
8:18 of 2nd period - Stopped by Corey Crawford with a rebound.
8:30 of 2nd period - Wrist shot by Jonathan Rheault.
8:30 of 2nd period - Shot Blocked by Joey Ryan.
8:32 of 2nd period - Slapshot by Bruno Gervais.
8:32 of 2nd period - Shot Misses the Net.
8:34 of 2nd period - Wrist shot by Jonathan Rheault.
8:34 of 2nd period - Deflect By Nathan Davis.
8:34 of 2nd period - Shot Blocked by Scott Parse.
8:34 of 2nd period - Puck is out of play.
8:35 of 2nd period - Nathan Davis wins face-off versus Daultan Leveillé in Thunder zone.
8:46 of 2nd period - Wrist shot by Jonathan Rheault.
8:46 of 2nd period - Shot Blocked by Daultan Leveillé.
9:24 of 2nd period - Marc-André Gragnani is hit by Brandon Mashinter and loses puck.
9:38 of 2nd period - Icing by Dmitry Kulikov.
9:39 of 2nd period - Daultan Leveillé wins face-off versus Ryan Bourque in Rafales zone.
9:54 of 2nd period - Snap shot by Carl Hagelin.
9:54 of 2nd period - Shot Misses the Net.
10:27 of 2nd period - Slapshot by Casey Pierro-Zabotel.
10:27 of 2nd period - Shot Misses the Net.
10:33 of 2nd period - Snap shot by Scott Parse.
10:33 of 2nd period - Stopped by Eddie Lack without a rebound.
10:34 of 2nd period - Daultan Leveillé wins face-off versus Kevin Veilleux in Rafales zone.
10:35 of 2nd period - Snap shot by Carl Hagelin.
10:35 of 2nd period - Stopped by Eddie Lack with a rebound.
10:38 of 2nd period - Icing by Kevin Veilleux.
10:39 of 2nd period - Kevin Veilleux wins face-off versus Daultan Leveillé in Rafales zone.
10:44 of 2nd period - Wrist shot by Jeff Skinner.
10:44 of 2nd period - Shot Misses the Net.
10:46 of 2nd period - Slapshot by Bruno Gervais.
10:46 of 2nd period - Stopped by Corey Crawford without a rebound.
10:47 of 2nd period - Brandon Mashinter wins face-off versus Kevin Veilleux in Thunder zone.
10:47 of 2nd period - Brandon Mashinter is hit by Kevin Veilleux.
11:33 of 2nd period - Slapshot by Marc-André Gragnani.
11:33 of 2nd period - Shot Blocked by Dmitri Orlov.
11:44 of 2nd period - Icing by Colby Cohen.
11:45 of 2nd period - Daultan Leveillé wins face-off versus Dan Fritsche in Thunder zone.
11:52 of 2nd period - Snap shot by Pierre-Alexandre Parenteau.
11:52 of 2nd period - Stopped by Eddie Lack without a rebound.
11:53 of 2nd period - Dan Fritsche wins face-off versus Brandon Mashinter in Rafales zone.
11:53 of 2nd period - Dan Fritsche is hit by Adam Hall.
12:01 of 2nd period - Wrist shot by Cody McLeod.
12:01 of 2nd period - Deflect By Dan Fritsche.
12:01 of 2nd period - Stopped by Corey Crawford with a rebound.
12:03 of 2nd period - Slapshot by Bruno Gervais.
12:03 of 2nd period - Deflect By Adam Hall.
12:03 of 2nd period - Stopped by Corey Crawford without a rebound.
12:04 of 2nd period - Dan Fritsche wins face-off versus Brandon Mashinter in Thunder zone.
12:40 of 2nd period - Slapshot by Dmitry Kulikov.
12:40 of 2nd period - Stopped by Corey Crawford with a rebound.
14:59 of 2nd period - Carl Hagelin is hit by Ryan Bourque and loses puck.
15:14 of 2nd period - Snap shot by David Clarkson.
15:14 of 2nd period - Stopped by Eddie Lack with a rebound.
15:16 of 2nd period - Slapshot by Taylor Doherty.
15:16 of 2nd period - Stopped by Eddie Lack with a rebound.
15:55 of 2nd period - Off-side.
15:56 of 2nd period - Dan Fritsche wins face-off versus Casey Pierro-Zabotel in neutral zone.
15:59 of 2nd period - David Fischer is hit by Matt Gilroy.
16:22 of 2nd period - Snap shot by Mat Clark.
16:22 of 2nd period - Stopped by Eddie Lack with a rebound.
16:28 of 2nd period - Pierre-Alexandre Parenteau is hit by Milan Bartovic.
16:49 of 2nd period - Dmitri Orlov is hit by Nathan Davis and loses puck.
17:25 of 2nd period - Bobby Farnham is hit by Matt Gilroy and loses puck.
17:47 of 2nd period - Colby Cohen is hit by Matt Gilroy and loses puck.
18:03 of 2nd period - Icing by Jonathan Rheault.
18:04 of 2nd period - Nathan Davis wins face-off versus Kelly Zajac in Rafales zone.
18:04 of 2nd period - Nathan Davis is hit by Matt Generous.
18:10 of 2nd period - Kelly Zajac is hit by Bruno Gervais and loses puck.
18:24 of 2nd period - Icing by Casey Pierro-Zabotel.
18:25 of 2nd period - Kelly Zajac wins face-off versus Dan Fritsche in Thunder zone.
18:30 of 2nd period - Casey Pierro-Zabotel is hit by Dmitry Kulikov and loses puck.
18:55 of 2nd period - Snap shot by Scott Parse.
18:55 of 2nd period - Shot Misses the Net.
18:57 of 2nd period - Snap shot by Brandon Mashinter.
18:57 of 2nd period - Shot Misses the Net.
18:59 of 2nd period - Snap shot by Scott Parse.
18:59 of 2nd period - Shot Blocked by Milan Bartovic.
19:01 of 2nd period - Snap shot by Brandon Mashinter.
19:01 of 2nd period - Shot Misses the Net.
19:03 of 2nd period - Snap shot by Scott Parse.
19:03 of 2nd period - Stopped by Eddie Lack with a rebound.
19:05 of 2nd period - Snap shot by Matt Generous.
19:05 of 2nd period - Goal by Matt Generous - Rafales : 1 - Thunder : 3.
19:06 of 2nd period - Brandon Mashinter wins face-off versus Kevin Veilleux in neutral zone.
19:15 of 2nd period - Slapshot by Adam Hall.
19:15 of 2nd period - Stopped by Eddie Lack with a rebound.
19:33 of 2nd period - Mat Clark is hit by Tim Crowder and loses puck.
19:58 of 2nd period - Slapshot by Dmitri Orlov.
19:58 of 2nd period - Deflect By Bruno Gervais.
19:58 of 2nd period - Stopped by Eddie Lack without a rebound.
19:59 of 2nd period - Brandon Mashinter wins face-off versus Ryan Bourque in Rafales zone.
Goals for this period are 0 for Rafales vs 1 for Thunder.
Shots for this period are 11 for Rafales vs 15 for Thunder.
3rd period
0:01 of 3rd period - Kevin Veilleux wins face-off versus Brandon Mashinter in neutral zone.
0:16 of 3rd period - Slapshot by Scott Parse.
0:16 of 3rd period - Stopped by Eddie Lack without a rebound.
0:17 of 3rd period - Carl Hagelin wins face-off versus Dan Fritsche in Rafales zone.
0:20 of 3rd period - Snap shot by Carl Hagelin.
0:20 of 3rd period - Shot Misses the Net.
0:28 of 3rd period - Snap shot by Cody McLeod.
0:28 of 3rd period - Shot Misses the Net.
0:30 of 3rd period - Snap shot by Marc-André Gragnani.
0:30 of 3rd period - Shot Misses the Net.
0:42 of 3rd period - Snap shot by Nathan Davis.
0:42 of 3rd period - Shot Blocked by Pierre-Alexandre Parenteau.
0:44 of 3rd period - Slapshot by Bruno Gervais.
0:44 of 3rd period - Stopped by Corey Crawford with a rebound.
0:46 of 3rd period - Snap shot by Jonathan Rheault.
0:46 of 3rd period - Stopped by Corey Crawford without a rebound.
0:47 of 3rd period - Brandon Mashinter wins face-off versus Nathan Davis in Thunder zone.
0:47 of 3rd period - Brandon Mashinter is hit by Bruno Gervais.
0:58 of 3rd period - Minor Penalty to Mat Clark for Slashing.
0:59 of 3rd period - Kevin Veilleux wins face-off versus Scott Parse in Thunder zone.
1:11 of 3rd period - Wrist shot by Milan Bartovic.
1:11 of 3rd period - Shot Blocked by Adam Hall.
1:13 of 3rd period - Wrist shot by Cody McLeod.
1:13 of 3rd period - Stopped by Corey Crawford with a rebound.
2:58 of 3rd period - Penalty to Mat Clark is over, Mat Clark is back on ice.
3:04 of 3rd period - Slapshot by Johan Ryno.
3:04 of 3rd period - Shot Blocked by Joey Ryan.
3:06 of 3rd period - Slapshot by Matt Gilroy.
3:06 of 3rd period - Shot Blocked by Mat Clark.
3:08 of 3rd period - Slapshot by Matt Gilroy.
3:08 of 3rd period - Shot Blocked by Pierre-Alexandre Parenteau.
3:19 of 3rd period - Icing by Joey Ryan.
3:20 of 3rd period - Daultan Leveillé wins face-off versus Nathan Davis in Thunder zone.
3:34 of 3rd period - Minor Penalty to Nathan Davis for High sticking.
3:35 of 3rd period - Brandon Mashinter wins face-off versus Cody McLeod in Rafales zone.
4:04 of 3rd period - Wrist shot by Carl Hagelin.
4:04 of 3rd period - Shot Misses the Net.
4:06 of 3rd period - Slapshot by Carl Hagelin.
4:06 of 3rd period - Stopped by Eddie Lack with a rebound.
4:08 of 3rd period - Slapshot by Matt Generous.
4:08 of 3rd period - Shot Misses the Net.
4:10 of 3rd period - Snap shot by Daultan Leveillé.
4:10 of 3rd period - Goal by Daultan Leveillé - Rafales : 1 - Thunder : 4.
4:11 of 3rd period - Nathan Davis wins face-off versus Brandon Mashinter in neutral zone.
4:36 of 3rd period - Jeff Skinner is hit by Mat Clark and loses puck.
4:51 of 3rd period - Jeff Skinner is hit by Daultan Leveillé and loses puck.
5:50 of 3rd period - Dmitri Orlov is hit by Michael Bournival and loses puck.
5:59 of 3rd period - Snap shot by Jonathan Rheault.
5:59 of 3rd period - Deflect By Nathan Davis.
5:59 of 3rd period - Shot Blocked by Kelly Zajac.
5:59 of 3rd period - Puck is out of play.
6:00 of 3rd period - Brandon Mashinter wins face-off versus Kevin Veilleux in Thunder zone.
7:42 of 3rd period - Snap shot by David Clarkson.
7:42 of 3rd period - Shot Misses the Net.
7:44 of 3rd period - Slapshot by Joey Ryan.
7:44 of 3rd period - Deflect By Casey Pierro-Zabotel.
7:44 of 3rd period - Shot Blocked by Jonas Junland.
7:44 of 3rd period - Puck is out of play.
7:45 of 3rd period - Dan Fritsche wins face-off versus Kelly Zajac in Rafales zone.
7:57 of 3rd period - Wrist shot by Tim Crowder.
7:57 of 3rd period - Stopped by Corey Crawford with a rebound.
8:11 of 3rd period - Snap shot by Nathan Davis.
8:11 of 3rd period - Stopped by Corey Crawford without a rebound.
8:12 of 3rd period - Daultan Leveillé wins face-off versus Nathan Davis in Thunder zone.
9:10 of 3rd period - Wrist shot by David Clarkson.
9:10 of 3rd period - Stopped by Eddie Lack with a rebound.
9:22 of 3rd period - Snap shot by Mike Sislo.
9:22 of 3rd period - Shot Blocked by Daultan Leveillé.
9:24 of 3rd period - Wrist shot by Johan Ryno.
9:24 of 3rd period - Shot Misses the Net.
9:26 of 3rd period - Snap shot by Ryan Bourque.
9:26 of 3rd period - Shot Blocked by Matt Generous.
9:28 of 3rd period - Wrist shot by Johan Ryno.
9:28 of 3rd period - Shot Misses the Net.
9:30 of 3rd period - Wrist shot by Ryan Bourque.
9:30 of 3rd period - Shot Misses the Net.
9:48 of 3rd period - Snap shot by Jonathan Rheault.
9:48 of 3rd period - Stopped by Corey Crawford with a rebound.
9:50 of 3rd period - Slapshot by Marc-André Gragnani.
9:50 of 3rd period - Shot Blocked by Scott Parse.
10:03 of 3rd period - Off-side.
10:04 of 3rd period - Kelly Zajac wins face-off versus Kevin Veilleux in neutral zone.
10:07 of 3rd period - Snap shot by David Clarkson.
10:07 of 3rd period - Stopped by Eddie Lack without a rebound.
10:08 of 3rd period - Brandon Mashinter wins face-off versus Kevin Veilleux in Rafales zone.
10:09 of 3rd period - Snap shot by Adam Hall.
10:09 of 3rd period - Shot Misses the Net.
10:11 of 3rd period - Slapshot by Adam Hall.
10:11 of 3rd period - Stopped by Eddie Lack without a rebound.
10:12 of 3rd period - Kevin Veilleux wins face-off versus Brandon Mashinter in Rafales zone.
10:12 of 3rd period - Kevin Veilleux is hit by Scott Parse.
10:22 of 3rd period - Snap shot by Milan Bartovic.
10:22 of 3rd period - Shot Blocked by David Fischer.
10:24 of 3rd period - Snap shot by Kevin Veilleux.
10:24 of 3rd period - Stopped by Corey Crawford with a rebound.
10:26 of 3rd period - Snap shot by Kevin Veilleux.
10:26 of 3rd period - Stopped by Corey Crawford with a rebound.
10:28 of 3rd period - Wrist shot by Milan Bartovic.
10:28 of 3rd period - Deflect By Jeff Skinner.
10:28 of 3rd period - Stopped by Corey Crawford with a rebound.
10:34 of 3rd period - Minor Penalty to Mat Clark for Interference.
10:35 of 3rd period - Scott Parse wins face-off versus Kevin Veilleux in Thunder zone.
11:59 of 3rd period - Tim Crowder is hit by Joey Ryan and loses puck.
12:09 of 3rd period - Icing by Bruno Gervais.
12:10 of 3rd period - Scott Parse wins face-off versus Dan Fritsche in Rafales zone.
12:34 of 3rd period - Penalty to Mat Clark is over, Mat Clark is back on ice.
12:34 of 3rd period - Cody McLeod is hit by David Clarkson and loses puck.
12:47 of 3rd period - Wrist shot by Nathan Davis.
12:47 of 3rd period - Shot Misses the Net.
12:49 of 3rd period - Snap shot by Marc-André Gragnani.
12:49 of 3rd period - Stopped by Corey Crawford without a rebound.
12:50 of 3rd period - Nathan Davis wins face-off versus Daultan Leveillé in Thunder zone.
12:53 of 3rd period - Snap shot by Jonathan Rheault.
12:53 of 3rd period - Shot Hit the Post.
13:05 of 3rd period - Snap shot by Marc-André Gragnani.
13:05 of 3rd period - Deflect By Michael Bournival.
13:05 of 3rd period - Stopped by Corey Crawford with a rebound.
13:15 of 3rd period - Snap shot by Scott Parse.
13:15 of 3rd period - Shot Blocked by Jonathan Rheault.
13:17 of 3rd period - Snap shot by Brandon Mashinter.
13:17 of 3rd period - Shot Blocked by Jonas Junland.
13:19 of 3rd period - Backhand shot by Taylor Doherty.
13:19 of 3rd period - Shot Blocked by Marc-André Gragnani.
14:07 of 3rd period - Minor Penalty to Dalton Smith for Hooking.
14:08 of 3rd period - Scott Parse wins face-off versus Kevin Veilleux in Thunder zone.
14:23 of 3rd period - Slapshot by Scott Parse.
14:23 of 3rd period - Shot Misses the Net.
16:07 of 3rd period - Penalty to Dalton Smith is over, Dalton Smith is back on ice.
16:30 of 3rd period - Carl Hagelin is hit by Bruno Gervais.
16:47 of 3rd period - Snap shot by David Clarkson.
16:47 of 3rd period - Stopped by Eddie Lack without a rebound.
16:48 of 3rd period - Ryan Bourque wins face-off versus Kelly Zajac in Rafales zone.
17:13 of 3rd period - Snap shot by Scott Parse.
17:13 of 3rd period - Shot Misses the Net.
17:23 of 3rd period - Wrist shot by Adam Hall.
17:23 of 3rd period - Deflect By Scott Parse.
17:23 of 3rd period - Stopped by Eddie Lack with a rebound.
17:45 of 3rd period - Wrist shot by Jeff Skinner.
17:45 of 3rd period - Shot Blocked by Matt Generous.
18:04 of 3rd period - Matt Generous is hit by Mike Sislo.
18:10 of 3rd period - David Clarkson is hit by Bruno Gervais and loses puck.
18:26 of 3rd period - Minor Penalty to Brandon Mashinter for Hooking.
18:27 of 3rd period - Scott Parse wins face-off versus Kevin Veilleux in Thunder zone.
18:35 of 3rd period - Adam Hall is hit by Dmitry Kulikov and loses puck.
18:50 of 3rd period - Joey Ryan is hit by Bruno Gervais and loses puck.
19:09 of 3rd period - Snap shot by Cody McLeod.
19:09 of 3rd period - Stopped by Corey Crawford with a rebound.
19:11 of 3rd period - Snap shot by Matt Gilroy.
19:11 of 3rd period - Goal by Matt Gilroy - Rafales : 2 - Thunder : 4.
19:12 of 3rd period - Jonathan Rheault wins face-off versus Brandon Mashinter in neutral zone.
19:43 of 3rd period - Slapshot by Matt Generous.
19:43 of 3rd period - Shot Blocked by Jeff Skinner.
Goals for this period are 1 for Rafales vs 1 for Thunder.
Shots for this period are 13 for Rafales vs 8 for Thunder.
Output by the SimonT Hockey Simulator (STHS) for François Prévost -- Original Page W3C XHTML 1.0 Valid